[Event "Israeli Team-ch 2023"]
[Site "Petah Tikva"]
[Date "2023.05.12"]
[Round "11.33"]
[White "Vydeslaver, Alik"]
[Black "Tifferet, Shaked"]
[Result "1/2-1/2"]
[ECO "C47"]
[WhiteElo "2385"]
[BlackElo "2226"]
[Annotator "TA"]
[PlyCount "32"]
[EventDate "2023.01.13"]
[EventCountry "ISR"]
[SourceTitle "playchess.com"]
[Source "ChessBase"]
[SourceQuality "1"]
[TimeControl "40/5400+30:1800+30"]

1. e4 e5 2. Nf3 Nc6 3. Nc3 Nf6 4. d4 exd4 5. Nxd4 Bb4 6. Nxc6 bxc6 7. Bd3 d5 8. exd5 O-O 9. O-O cxd5 10. Bg5 c6 11. Qf3 Rb8 {[%emt 0:01:50] The position is equal.} 12. Bxf6 {[%emt 0:12:04] C47: Scotch Four Knights and Four Knights with 4 g3.} (12. h3 {keeps more tension.} Bd6 13. b3 Be5 14. Bf4) 12... Qxf6 13. Qxf6 gxf6 14. Ne2 Ba5 15. b3 {[%emt 0:04:41] [#]} Bg4 $146 ({Predecessor:} 15... Re8 16. Rad1 Bg4 17. f3 Bb6+ 18. Kh1 Bd7 19. Ng3 Ba5 20. c4 Re3 21. Nh5 Bc3 22. cxd5 cxd5 {½-½ Wahlstrom,L (2105)-Korley,K (2329) Koge Xtracon op 2013 (6)}) 16. Ng3 Bc3 {[%emt 0:11:16] An uneventful encounter.   Weighted Error Value: White=0.00 (flawless) /Black=0.07 (flawless)} 1/2-1/2

[Event "Israeli Team-ch 2023"]
[Site "Petah Tikva"]
[Date "2023.05.12"]
[Round "11.34"]
[White "Steiner-Prozhanski, Giora"]
[Black "Taichman, Ori"]
[Result "0-1"]
[ECO "E92"]
[WhiteElo "2254"]
[BlackElo "2317"]
[Annotator "TA"]
[PlyCount "68"]
[EventDate "2023.01.13"]
[EventCountry "ISR"]
[SourceTitle "playchess.com"]
[Source "ChessBase"]
[SourceQuality "1"]
[TimeControl "40/5400+30:1800+30"]

1. d4 Nf6 2. c4 g6 3. Nc3 Bg7 4. e4 d6 5. Nf3 O-O 6. Be2 e5 7. d5 a5 8. Be3 Ng4 9. Bg5 f6 10. Bh4 Na6 11. Nd2 Nh6 12. a3 {[%emt 0:00:30] E92: King's Indian: Classical: 6 Be2 e5: 7 dxe5, 7 Be3 and Petrosian System without 7...Nbd7.} Bd7 13. O-O Qe8 14. b3 {[%emt 0:01:11][%cal Bb2b3,Bb3b4,Bb4b5][%mdl 32] White has an edge.} f5 15. f3 Bf6 16. Bxf6 Rxf6 17. b4 {[%emt 0:00:24] [#]} g5 $146 (17... axb4 18. axb4 Rf8 19. Qb3 $16) (17... Rf8 $11) ({Predecessor:} 17... b6 18. Qb3 Rf8 19. c5 bxc5 20. Bxa6 Rxa6 21. bxc5 dxc5 22. Qc4 Qc8 23. Qxc5 c6 {1-0 Hess,C (2305)-Sambale,I Chemnitz op 1997 (2)}) 18. Qb3 (18. bxa5 f4 $14) 18... a4 19. Qc2 f4 $1 {[%emt 0:00:30] [#]} 20. c5 $1 dxc5 21. b5 Nb8 22. Nc4 Nf7 23. d6 c6 {[%emt 0:00:30][%cal Bc7c6,Bc6b5][%mdl 32] Wards off Nd5} 24. Rfd1 ({Stronger than} 24. Nxa4 Rxa4 25. Qxa4 cxb5 $17) (24. Nb6 $16 Ra7 25. bxc6 (25. Ncxa4 cxb5 26. Nxd7 Nxd7 $11) (25. Nbxa4 Qd8 $14) 25... Nxc6 26. Ncd5 (26. Nbxa4 $2 Nd4 $19) 26... Rxd6 27. Qxc5) 24... Be6 25. Nxa4 $2 {[%emt 0:00:30] [#]} (25. Rab1 $11 {and White has nothing to worry.}) 25... cxb5 $19 26. Ncb6 (26. Nxe5 {is a better defense.} Nxe5 27. Nxc5) 26... Rxa4 27. Nxa4 bxa4 28. Qxc5 Bb3 29. Rd2 Qd8 (29... Qc6 $142 30. Rc1 (30. Qxc6 $2 Nxc6 31. d7 Nd4 $19) 30... Rxd6 31. Rxd6 Nxd6) 30. d7 $2 (30. Bc4) 30... Nxd7 31. Qb5 Qb6+ 32. Qxb6 Nxb6 33. Bd1 Nc4 34. Rd5 Rd6 {[%emt 0:00:30] Weighted Error Value: White=0.49/Black=0.20 (precise)} 0-1

[Event "Israeli Team-ch 2023"]
[Site "Petah Tikva"]
[Date "2023.05.12"]
[Round "11.35"]
[White "Pasman, Michael"]
[Black "Poleg, Dan"]
[Result "1-0"]
[ECO "E02"]
[WhiteElo "2342"]
[BlackElo "2193"]
[Annotator "TA"]
[PlyCount "119"]
[EventDate "2023.01.13"]
[EventCountry "ISR"]
[SourceTitle "playchess.com"]
[Source "ChessBase"]
[SourceQuality "1"]
[TimeControl "40/5400+30:1800+30"]

1. Nf3 d5 2. c4 e6 3. g3 Nf6 4. Bg2 Be7 5. O-O dxc4 6. Qa4+ Bd7 7. Qxc4 Bc6 8. d4 O-O 9. Nc3 {[%emt 0:00:08] E02: Open Catalan: 5 Qa4+.} a6 10. Bg5 b5 11. Qd3 {[%emt 0:00:06] White has an edge.} b4 12. Bxf6 gxf6 13. Ne4 f5 14. Ned2 Nd7 {[%emt 0:03:37] [#]} 15. Rfc1 $146 ({Predecessor:} 15. Rac1 Bb5 16. Qe3 Rc8 17. Nb3 Nb6 18. Nc5 Nd5 19. Qd2 a5 20. Rfd1 c6 21. Ne5 {1-0 Matlakov,M (2674)-Hess,R (2591) Chess.com Rapid Wk16 Swiss 2022 (3)}) 15... Bb7 16. Qe3 Bf6 (16... Bd5 $14) 17. Rc2 $16 Nb6 18. Rac1 Nd5 19. Qb3 a5 20. a4 $1 Bg7 21. Rc5 Ra7 22. Nc4 Qa8 23. Nce5 {White is more active.} Rd8 $2 {[#]} (23... Ne7 $16 {was worth a try.}) 24. Nc6 (24. e4 $1 $18) 24... Bxc6 25. Rxc6 Nc3 26. Rxe6 c5 (26... fxe6 $142 27. Qxe6+ (27. bxc3 Qd5 $15) 27... Kh8) 27. Re3 (27. bxc3 $18 fxe6 28. cxb4 (28. Qxe6+ Kh8 $16)) 27... cxd4 $2 (27... Qd5 $16 {is more resistant.} 28. Qxd5 (28. Rcxc3 Qxb3 29. Rxb3 c4 $14) 28... Nxd5) 28. Nxd4 $18 {[%mdl 64] Discovered Attack} Bxd4 29. Bxa8 Bxe3 30. Rxc3 bxc3 31. Bf3 (31. fxe3 $6 Raxa8 32. bxc3 (32. Qxc3 Rd5 $16) 32... Rab8 $16) (31. bxc3 Bxf2+ 32. Kxf2 Rdxa8 $16) (31. Qxc3 Bd4 32. Qf3 Raxa8 $17) 31... Bc5 32. bxc3 ({Much less strong is} 32. Qxc3 Bd4 33. Qc2 h6) 32... Rc8 33. Qd5 Bf8 34. c4 ({Resist} 34. Qxf5 Rxc3 35. Be4 Bg7 36. Qxh7+ Kf8 $18) 34... Rc5 35. Qd3 Ra6 36. Bd5 Rf6 37. Qe3 h6 38. Qd3 Be7 39. Qd4 Kf8 40. Qe5 Rc8 41. Kg2 Rc5 42. e3 Kg7 (42... Rc8 $142 43. h3 Rc5) 43. Qb8 $2 (43. Qxe7 Rc8 44. Qa7) 43... Bd6 {[%emt 0:00:33] [#]} 44. h3 $4 Rc7 $4 (44... Bxb8 $19 {and life is good for Black.} 45. h4 Rb6) 45. Qd8 Rc5 46. f4 Bc7 47. Qe7 Bd6 48. Qa7 {[%emt 0:00:00] Threatens to win with g4.} Bf8 $2 (48... h5 49. Kf3 Kh7) 49. Kf3 {[%emt 0:00:00] Hoping for g4.} Bd6 $2 (49... h5 50. Qb7 Bd6) 50. g4 fxg4+ 51. hxg4 Kg8 52. Ke2 Kg7 53. Qb7 Kf8 54. g5 hxg5 55. fxg5 Rf5 56. Qd7 Rcxd5 57. cxd5 {[%emt 0:00:00] White mates.} Rxd5 58. Qd8+ Kg7 59. Qf6+ Kg8 60. g6 {[%emt 0:00:00] What a bad dream for Black. An entertaining game by Pasman.   Weighted Error Value: White=0.38/Black=0.67} 1-0